 Dungeon Crawl Stone Soup version 0.31-a0-1467-g53b6572822 (webtiles) character file.

Game seed: 5238861743351399315

1 tilp the Vexing (level 1, 0/13 HPs)
             Began as a Vampire Enchanter on Dec 28, 2023.
             Succumbed to a gnoll's poison
             ... on level 1 of the Dungeon.
             The game lasted 00:00:54 (93 turns).

tilp the Vexing (Vampire Enchanter)                   Turns: 93, Time: 00:00:55

Health: 0/13       AC:  2    Str:  7    XL:     1   Next: 16%
Magic:  3/3        EV: 12    Int: 17    God:
Gold:   0          SH:  0    Dex: 14    Spells: 4/4 levels left

rFire   . . .        a - +1 dagger
rCold   . . .        (no shield)
rNeg    . . .        b - +0 robe
rPois   .            (no helmet)
rElec   .            (no cloak)
rCorr   .            (no gloves)
SInv    +            (no boots)
Will    .....        (no amulet)
Stlth   +++          (no ring)
HPRegen 0.42/turn    (no ring)
MPRegen 0.08/turn

%: no passive effects
@: lethally poisoned (0 -> -9), healing quickly, invisible
A: alive, fangs 3, see invisible, vampiric 1
a: Exsanguinate


You were on level 1 of the Dungeon.
You visited 1 branch of the dungeon, and saw 1 of its levels.

Inventory:

Hand Weapons
 a - a +1 dagger (weapon)
Armour
 b - a +0 robe (worn)
Potions
 c - a potion of invisibility


   Skills:
 * Level 0.0 Fighting
 + Level 1.1 Short Blades
 * Level 0.0(0.5) Long Blades
 + Level 2.2 Dodging
 + Level 4.4 Stealth
 + Level 2.0 Spellcasting
 + Level 4.4 Hexes


You had 4 spell levels left.
You didn't know any spells.
Your spell library contained the following spells:

 Spells                   Type           Power      Damage    Failure   Level
 Confusing Touch          Hex            16%        N/A       10%         3
 Tukima's Dance           Hex            16%        N/A       10%         3
 Ensorcelled Hibernation  Hex/Ice        18%        N/A       12%         2
 Dazzling Flash           Conj/Hex       18%        N/A       24%         3


Dungeon Overview and Level Annotations

Branches:
Dungeon (1/15)

Altars:


Innate Abilities, Weirdness & Mutations

Your natural rate of healing is accelerated.
You have razor-sharp teeth.
You have supernaturally acute eyesight. (SInv)
You are afflicted with vampirism.


Message History

There is an open door here.
You open the door.
There is an open door here.
You open the door.
There is an open door here.
As you open the door, it creaks loudly!
There is an open door here.
There is an open door here.
You open the door.
A gnoll comes into view. It is wielding a +1 spear of venom.
The gnoll shouts!
You open the door.
There is an open door here.
You close the door.
A gnoll opens the door.
Found a buckler.
A rat comes into view.
Found a scroll labelled JINWUPR MUBAHI.
The helpless rat fails to defend itself.
You puncture the rat!
You kill the rat!
You see here a rat corpse.
You fade into invisibility!
The gnoll barely misses you. The gnoll barely misses you.
You hit the gnoll.
The gnoll is lightly wounded.
The gnoll closely misses you.
You completely miss the gnoll.
The gnoll is lightly wounded.
The gnoll misses you.
You hit the gnoll.
The gnoll is moderately wounded.
The gnoll hits you with a +1 spear of venom!
Ouch! That really hurt!
* * * LOW HITPOINT WARNING * * *
You are lethally poisoned!
You barely miss the gnoll.
The gnoll is moderately wounded.
You die...

##...## ### #.#
##'## #.. ... #.#
#.# #.# #.# #.# #..#
#
##.######.####.##?#
##
##...........[.....#
..
#.....######.##.###
#.###..g.###.......#
#.....@......##g####
########.######.#
#.######†#
#...g....#
##########


You could see a gnoll (unable to see you).

Vanquished Creatures
  A bat (D:1)
  A rat (D:1)
2 creatures vanquished.

Notes
Turn   | Place    | Note
-------+----------+-------------------------------------------
     0 | D:1      | tilp the Vampire Enchanter began the quest for the Orb.
     0 | D:1      | Reached XP level 1. HP: 13/13 MP: 3/3
    93 | D:1      | Succumbed to a gnoll's poison

Illustrated notes

Levels and vault maps discovered:
D:1:      noname_arrival_rooms_in_the_neighbourhood, layout_loops_corners

Action                     || total
---------------------------++-------
  Melee: Dagger            ||     6
    Use: Potion            ||     1
   Stab: Sleeping          ||     1
 Armour: Robe              ||     1
  Dodge: Dodged            ||     4

Table legend: (Time is in decaauts)
 A = Elapsed time spent in this place.
 B = Non-inter-level travel time spent in this place.
 C = Inter-level travel time spent in this place.
 D = Time resting spent in this place.
 E = Time spent auto-exploring this place.
 F = Levels seen in this place.
 G = Mean time per level.
                   A        B        C        D        E       F      G
               +--------+--------+--------+--------+--------+-----+--------+
         Total |     92 |     92 |      0 |      0 |     37 |   1 |   92.0 |
       Dungeon |     92 |     92 |      0 |      0 |     37 |   1 |   92.0 |
               +--------+--------+--------+--------+--------+-----+--------+

Top non-repeatable levels by time:
     D:1: 92 daAuts
